 Dungeon Crawl Stone Soup version 0.28.0-53-g5a82cb258f (webtiles) character file.

Game seed: 10771822317128652824

128 bnorton916 the Magician (level 4, -2/24 HPs)
             Began as a Deep Elf Fire Elementalist on July 21, 2022.
             Slain by a scorpion (8 damage)
             ... on level 3 of the Dungeon.
             The game lasted 00:03:40 (4100 turns).

bnorton916 the Magician (DEFE)                      Turns: 4100, Time: 00:03:41

Health: -2/24      AC:  3    Str:  5    XL:     4   Next: 87%
Magic:  7/12       EV: 12    Int: 22    God:
Gold:   147        SH:  0    Dex: 15    Spells: 2/12 levels left

rFire   . . .      SeeInvis .   m - +1 whip (elec)
rCold   . . .      Faith    .   (no shield)
rNeg    . . .      Spirit   .   a - +0 robe
rPois   .          Reflect  .   (no helmet)
rElec   .          Harm     .   n - +0 cloak
rCorr   .          Rampage  .   (no gloves)
Will    .....                   (no boots)
Stlth   ++........              (no amulet)
HPRegen 0.08/turn               (no ring)
MPRegen 0.13/turn               (no ring)

@: no status effects
A: no striking features
a: no special abilities


You were on level 3 of the Dungeon.
You visited 1 branch of the dungeon, and saw 4 of its levels.

You collected 147 gold pieces.

Inventory:

Hand Weapons
 m - a +1 whip of electrocution (weapon)
 p - a +0 dagger of venom
Missiles
 c - 6 javelins
 e - 225 stones
 l - 3 poisoned darts
Armour
 a - a +0 robe (worn)
 f - a scarf of repulsion
 n - a +0 cloak (worn)
 r - an orb of mayhem
 t - a +0 leather armour of fire resistance
 v - a +2 kite shield
Magical Staves
 q - a staff of death
Scrolls
 b - a scroll of enchant armour {unknown}
 g - a scroll of acquirement {unknown}
 h - a scroll of teleportation {unknown}
 j - 2 scrolls of identify {unknown}
 o - a scroll of fear {unknown}
 u - 2 scrolls of magic mapping {unknown}
Potions
 d - a potion of curing {unknown}
 i - a potion of ambrosia {unknown}
 k - a potion of degeneration {unknown}
 s - a potion of cancellation {unknown}
 w - a potion of mutation {unknown}


   Skills:
 + Level 0.1 Armour
 - Level 2.4 Dodging
 - Level 2.4 Stealth
 + Level 4.5 Spellcasting
 + Level 3.1 Conjurations
 + Level 4.4 Fire Magic


You had 2 spell levels left.
You knew the following spells:

 Your Spells              Type           Power      Damage    Failure   Level
a - Foxfire               Conj/Fire      84%        2x1d8     2%          1
b - Scorch                Fire           48%        2d7       2%          2
c - Conjure Flame         Conj/Fire      21%        6-21      7%          3
d - Flame Wave            Conj/Fire      21%        2d7       22%         4

Your spell library contained the following spells:

 Spells                   Type           Power      Damage    Failure   Level
 Blink                    Tloc           10%        N/A       16%         2
 Corpse Rot               Necr/Air       10%        N/A       16%         2
 Ensorcelled Hibernation  Hex/Ice        10%        N/A       16%         2
 Poisonous Vapours        Pois/Air       10%        N/A       16%         2
 Inner Flame              Hex/Fire       14%        N/A       13%         3
 Gell's Gravitas          Tloc           5%         N/A       32%         3
 Lesser Beckoning         Tloc           5%         N/A       32%         3
 Spider Form              Tmut/Pois      5%         N/A       32%         3
 Teleport Other           Tloc           5%         N/A       32%         3
 Tukima's Dance           Hex            5%         N/A       32%         3
 Anguish                  Hex/Necr       2%         N/A       71%         4
 Manifold Assault         Tloc           5%         N/A       96%         5
 Enfeeble                 Hex            2%         N/A       100%        7


Dungeon Overview and Level Annotations

Branches:
Dungeon (4/15)
 Temple: D:4-7

Altars:
Wu Jian


Message History

A black bear is nearby!
You climb upwards.
There is a stone staircase leading down here.
Okay, then.
Unknown command.
You see here a frilled lizard skeleton.
You see here a +0 club.
There is a stone staircase leading down here.
You climb downwards.
There is a stone staircase leading up here.
A kobold comes into view.
It is wielding a +1 short sword of electrocution.
Casting: Scorch (safe; 2% risk of failure)
Confirm with . or Enter, or press ? or * to list all spells.
Flames lash the kobold.
You kill the kobold!
You hear an angry growl.
You hear a shout!
A scorpion comes into view.
A hobgoblin comes into view.
Casting: Scorch (safe; 2% risk of failure)
Confirm with . or Enter, or press ? or * to list all spells.
The spell is quite dangerous to miscast (7% risk of failure)!
Continue anyway?
You miscast Conjure Flame.
You are very lightly contaminated with residual magic.
Nothing appears to happen.
Casting: Conjure Flame (quite dangerous; 7% risk of failure)
Confirm with . or Enter, or press ? or * to list all spells.
The spell is quite dangerous to miscast (7% risk of failure)!
Continue anyway?
The fire begins to smoulder!
The scorpion smothers the flame.
The scorpion closely misses you.
Your magical contamination has completely faded away.
The scorpion stings you.
There is a stone staircase leading up here.
The scorpion stings you! The scorpion stings you.
You climb upwards.
There is a stone staircase leading down here.
The scorpion stings you!
* * * LOW HITPOINT WARNING * * *
The scorpion stings you!
You die...

############# #...........#
#.#####.###.# ###.# #s# #.#
#...# #@###.## #.#.#
#.##.>.#########
#.#.#####....#.........#
#.#........#...#.#####.#
#.#.##........##.# #.#
#.#.##...#.......# #)#
#.#.##..##..#.##.# #.#
########.#.##...........#####.#
........>..##..###.#.##.......#


You could see a scorpion.

Vanquished Creatures
  An orc priest (D:3)
  2 adders (D:2)
  2 worms (D:2)
  A dart slug (D:2)
  2 orcs (D:3)
  8 ball pythons
  7 bats
  5 endoplasms
  7 giant cockroaches
  5 goblins
  4 hobgoblins
  A quokka (D:2)
  12 frilled lizards
  9 kobolds
  10 rats
76 creatures vanquished.

Vanquished Creatures (others)
  280 foxfires
280 creatures vanquished.

Grand Total: 356 creatures vanquished

Notes
Turn   | Place    | Note
-------+----------+-------------------------------------------
     0 | D:1      | bnorton916 the Deep Elf Fire Elementalist began the quest
                  | for the Orb.
     0 | D:1      | Reached XP level 1. HP: 10/10 MP: 6/6
    80 | D:1      | Found a faded altar of an unknown god.
   451 | D:1      | Reached XP level 2. HP: 15/15 MP: 0/8
   668 | D:1      | Learned a level 2 spell: Scorch
  1709 | D:2      | Reached XP level 3. HP: 19/19 MP: 7/10
  2632 | D:2      | Reached XP level 4. HP: 20/24 MP: 9/12
  2888 | D:2      | Learned a level 3 spell: Conjure Flame
  2895 | D:2      | Learned a level 4 spell: Flame Wave
  3208 | D:3      | Found an ornate altar of the Wu Jian Council.
  4034 | D:4      | Noticed a black bear
  4072 | D:4      | Noticed a scorpion
  4100 | D:3      | Slain by a scorpion

Illustrated notes

Levels and vault maps discovered:
D:1:      dpeg_arrival_tiny_i, layout_basic, chequers_ecumenical_altar_simple
D:2:      minmay_thinvault, layout_basic, st_stairs_14,
          minmay_misc_feat_enclosed
D:3:      layout_loops_ring, nzn_wu_jian_contemplation
D:4:      layout_basic, mainiacjoe_overflow_divided_tiny,
          nicolae_take_the_stairs

Skill      XL: |  1  2  3  4 |
---------------+-------------+-----
Conjurations   | 2 3 |  3.1
Spellcasting   | 4 |  4.5
Fire Magic     | 4 |  4.4
Armour         | |  0.1
Dodging        | |  2.4
Stealth        | |  2.4

Action                   |  1- 3 |  4- 6 || total
-------------------------+-------+-------++-------
Melee: Whip              |     3 |       ||     3
 Cast: Foxfire           |   116 |    64 ||   180
       Scorch            |    12 |     5 ||    17
       Conjure Flame     |       |     1 ||     1
 Stab: Sleeping          |     2 |       ||     2
Armor: Robe              |     4 |       ||     4
Dodge: Dodged            |    14 |     3 ||    17
